Unix NetHack Version 3.7.0-89 Work-in-progress - last build Sep 24 2023 19:26:52 (48e034876007844a536bf88644040a71d2893410,branch:master). Game began 2023-10-07 09:17:22, ended 2023-10-07 17:00:50. spontiff, neutral male gnomish Healer ------------------- |..*..............| |.---------------.| |.........*.....|.| -------..----.{.|*| -------..- |...|.| |.......... -----.--- |.-----..-- .....| |.| |..| ----..----------- |.| |..)...(...... |.| ---..------------------------------ |.| |....|.................%..........| |.| |..*.---.....*....................| |.| ----...|*............<............. |.| --- |...|......*...................| |.-------------@--|...|--------------------------- |........(........|...| ----------------------- Spontiff the Rhizotomist St:13 Dx:9 Co:16 In:11 Wi:12 Ch:18 Neutral S:500 Dlvl:11 $:0 HP:0(36) Pw:4(4) AC:-8 Xp:1/0 T:11070 Latest messages: You hear nothing special. What do you want to use or apply? [efjkostwxS or ?*] s In what direction? u You hear nothing special. You see here a lock pick. What do you want to use or apply? [efjkostwxS or ?*] s In what direction? u You hear nothing special. What do you want to use or apply? [efjkostwxS or ?*] s In what direction? u You hear nothing special. You hear a jackal howling at the moon. What do you want to use or apply? [efjkostwxS or ?*] s In what direction? l You hear nothing special. What do you want to wield? [- e or ?*] e e - an uncursed pick-axe (weapon in hand). You start digging. This wall is too hard to dig into. What do you want to wield? [- e or ?*] - You are empty handed. What do you want to use or apply? [efjkostwxS or ?*] s In what direction? k You hear nothing special. What do you want to use or apply? [efjkostwxS or ?*] s In what direction? l You hear nothing special. What do you want to use or apply? [efjkostwxS or ?*] s In what direction? h You hear nothing special. #huh: unknown extended command. What do you want to use or apply? [efjkostwxS or ?*] f You put a scroll called YUM 200z into the bag called oilskin / sack 1. What do you want to wear? [r or ?*] r You can't handle your polished silver shield! #why not?: unknown extended command. #oh bah, I'm a werefoo: unknown extended command. What do you want to use or apply? [efjkostwxS or ?*] f Z - an uncursed scroll called scare monster. What do you want to use or apply? [efjkostwxS or ?*] f What do you want to wear? [r or ?*] r You can't handle your polished silver shield! What do you want to wear? [r or ?*] r You can't handle your polished silver shield! You hear the howling of the CwnAnnwn... What do you want to wear? [r or ?*] r You can't handle your polished silver shield! You die... Do you want your possessions identified? [ynq] (y) y Do you want to see the dungeon overview? [ynq] (y) y Inventory: Armor h - a blessed +1 helmet (being worn) g - a blessed +1 pair of leather gloves (being worn) v - a blessed +1 pair of low boots (being worn) r - an uncursed +0 shield of reflection q - a blessed +1 dwarvish cloak (being worn) d - an uncursed +0 leather armor (being worn) Comestibles y - an uncursed apple n - an uncursed food ration p - an uncursed tripe ration Scrolls Z - an uncursed scroll of scare monster Wands S - an uncursed wand of sleep (0:2) Tools f - an uncursed sack containing 16 items t - an uncursed blindfold k - an uncursed lock pick x - an uncursed magic lamp (lit) o - an uncursed magic whistle w - an uncursed mirror e - an uncursed +0 pick-axe s - an uncursed stethoscope Gems/Stones E - an uncursed dilithium crystal l - an uncursed luckstone j - an uncursed touchstone Contents of the sack: 273 gold pieces an uncursed +0 dart an uncursed tripe ration 5 uncursed tripe rations a blessed scroll of amnesia an uncursed scroll of identify an uncursed spellbook of create monster a cursed potion of hallucination an uncursed potion of water a blessed +1 ring of protection an uncursed ring of see invisible an uncursed wand of magic missile (0:7) an uncursed brass lantern an uncursed magic marker (0:96) an uncursed oil lamp an uncursed turquoise stone Spontiff the Healer's attributes: Background: You were a Rhizotomist, a level 1 male gnomish Healer. You were neutral, on a mission for Hermes who was opposed by Athena (lawful) and Poseidon (chaotic). You were in the Gnomish Mines, on level 11. You entered the dungeon 11070 turns ago. You had 0 experience points, 20 were needed to attain level 2. Your score was 500 before end-of-game adjustments. Basics: You had 0 out of 36 hit points. You had all 4 energy points (spell power). Your armor class was -8. Your wallet was empty, but you had 273 zorkmids stashed away in your pack. Autopickup was on for '$!/="?' plus thrown, with exceptions. Final Characteristics: Your strength was 13 (limit:18/50). Your dexterity was 9 (limit:18). Your constitution was 16 (limit:18). Your intelligence was 11 (limit:19). Your wisdom was 12 (limit:18). Your charisma was 18 (limit:18). Final Status: You were not hungry. You were unencumbered. You were empty handed. You were unskilled in bare handed combat. Final Attributes: You were fervently aligned. You were poison resistant. You were level-drain resistant. You had infravision. You had a moderate defense bonus (+9). You were warded. You were a werejackal. You were harmed by silver. You were lucky. You had extra luck. Bad luck did not time out for you. Good luck did not time out for you. You are dead. Miscellaneous: You never encountered a bones level. Total elapsed playing time was 4 hours, 7 minutes and 10 seconds. Major events: Turn 1: spontiff the neutral male gnomish Healer entered the dungeon 1725: entered the Gnomish Mines 6026: reached Mine Town 11070: killed by handling a shield of reflection Vanquished creatures: a watch captain 4 watchmen 2 giant spiders a dingo 6 water moccasins an imp a water nymph 3 rock moles a yellow light 6 shriekers 2 gnome leaders 2 gnomish wizards a straw golem a kitten 14 dwarves 7 homunculi a kobold leader a kobold shaman a rothe 6 giant bats 2 monkeys an orc zombie 4 dwarf zombies a wererat a werejackal 10 iguanas 7 acid blobs 2 coyotes 2 gas spores 9 hobbits 2 manes a large kobold 9 giant rats 3 cave spiders 2 brown molds 5 yellow molds a green mold a red mold 17 gnomes a garter snake 2 gnome zombies 10 geckos 19 jackals 7 foxes 4 kobolds 8 goblins 9 sewer rats 23 grid bugs 8 bats 15 lichens 3 kobold zombies 30 newts 281 creatures vanquished. No species were genocided or became extinct. Voluntary challenges: You never hit with a wielded weapon. You were a pacifist. You read items or engraved 1 time. You never engraved Elbereth. You never genocided any monsters. You never polymorphed an object. You never changed form. You used no wishes. Achievements: You entered the Gnomish Mines. You entered a shop. You entered Minetown. You entered a temple. The Dungeons of Doom: levels 1 to 6 Level 1: "Stashlet" An altar. Level 2: "magic trap" An armor shop. Level 3: Stairs down to The Gnomish Mines. Level 4: A fountain. Level 5: Some fountains. Level 6: The Gnomish Mines: levels 4 to 11 Level 4: Level 5: Level 6: Level 7: "Pools" Many shops, a temple, a sink. Level 8: Level 9: Level 10: "magic trap" Level 11: <- You were here. A fountain. Final resting place for you, killed by handling a shield of reflection. Game over: ---------- / \ / REST \ / IN \ / PEACE \ / \ | spontiff | | 273 Au | | killed by | | handling a | | shield of | | reflection | | 2023 | *| * * * | * _________)/\\_//(\/(/\)/\//\/|_)_______ Goodbye spontiff the Healer... You died in The Gnomish Mines on dungeon level 11 with 500 points, and 273 pieces of gold, after 11070 moves. You were level 1 with a maximum of 36 hit points when you died.